cohdb
Replays
Latest Replays
All Replays
Popular Replays
Top Player Replays
Match Explorer
How It Works
Community
CoH3 Stats
Reddit
Sign in to upload your games and track your stats! →
Sign in with Steam
Match 26381865
Unlisted
Match 26381865
Overview
Messages
Build Orders
End
Construct Infanterie Kompanie
Selects Breakthrough Battlegroup
Selects Assault Grenadiers
Grenadier Squad
MG 42 Machine Gun Team
Grenadier Squad
Construct Panzergrenadier Kompanie
Construct Panzergrenadier Kompanie
Sniper
Selects Smoke Bombing Run
Medical Station
Panzergrenadier Officer Quarters
251 Medium Carrier
Turin Turambar
Joraad
avopc
Ghoulss
utallies
THELAW
Ogema
mayrc
0
0
Comments
sign in to comment!
No comments posted yet!